 Dungeon Crawl Stone Soup version 0.26-a0-487-gbff1e92059 (webtiles) character file.

Game seed: 16118474077761400960

1416 Lovable the Covert (level 8, -15/54 HPs)
             Began as an Octopode Brigand on Aug 2, 2020.
             Was a Follower of Makhleb.
             Demolished by Harold
             ... wielding a +0 battleaxe
              (22 damage)
             ... on level 7 of the Dungeon.
             The game lasted 00:29:47 (8710 turns).

Lovable the Covert (Octopode Brigand)               Turns: 8710, Time: 00:29:48

Health: -15/54     AC:  1    Str: 17    XL:     8   Next: 71%
Magic:  8/8        EV: 14    Int: 15    God:    Makhleb [*.....]
Gold:   392        SH:  0    Dex: 15    Spells: 7/7 levels left

rFire    . . .     SeeInvis .   a - +3 dagger
rCold    . . .     Faith    +   (no shield)
rNeg     . . .     Spirit   .   (helmet restricted)
rPois    .         Reflect  .   h - amulet of faith
rElec    .         Harm     .   d - ring of stealth
rCorr    .                      e - +6 ring of strength
MR       +....                  (no ring)
Stlth    ++++++....             (no ring)
HPRegen  0.18/turn              (no ring)
MPRegen  0.11/turn              (no ring)
                                (no ring)
                                (no ring)

@: marked
A: almost no armour, stealthy swim, amphibious, 8 rings, constrict 8, camouflage
1, clever 1, deterioration 1, magic resistance 1, gelatinous body 1
a: Renounce Religion


You were on level 7 of the Dungeon.
You worshipped Makhleb.
Makhleb was aware of your devotion.
You visited 2 branches of the dungeon, and saw 8 of its levels.

You collected 392 gold pieces.

Inventory:

Hand Weapons
 a - a +3 dagger (weapon)
Missiles
 b - 18 poisoned darts (quivered)
 c - 2 curare-tipped darts
Jewellery
 d - a ring of stealth (left tentacle)
 e - a +6 ring of strength (right tentacle)
 h - an amulet of faith (around mantle)
Wands
 q - a wand of flame (9)
Scrolls
 f - 4 scrolls of identify
 g - a scroll of magic mapping
 j - a scroll of enchant weapon
 m - a scroll of amnesia
 n - 2 scrolls of enchant armour
 o - a scroll of remove curse
Potions
 i - a potion of magic
 r - a potion of brilliance


   Skills:
 + Level 3.8 Fighting
 + Level 5.1 Short Blades
 + Level 5.7 Throwing
 + Level 2.9 Dodging
 + Level 10.0 Stealth


You had 7 spell levels left.
You didn't know any spells.
Your spell library contained the following spells:

 Spells                   Type           Power        Failure   Level
 Confusing Touch          Hex            #.......     63%         3
 Gell's Gravitas          Tloc           #.........   63%         3
 Petrify                  Tmut/Erth      #.......     95%         4
 Metabolic Englaciation   Hex/Ice        #.........   100%        5
 Yara's Violent Unravell  Hex/Tmut       #.........   100%        5


Dungeon Overview and Level Annotations

Branches:
Dungeon (7/15)             Temple (1/1) D:5

Altars:
Ashenzari
Cheibriados
Dithmenos
Elyvilon
Fedhas
Gozag
Hepliaklqana
Kikubaaqudgha
Makhleb
Nemelex Xobeh
Okawaru
Qazlal
Ru
Sif Muna
Trog
Uskayaw
Vehumet
Wu Jian
Xom
Yredelemnul
Zin
The Shining One

Shops:
D:2 *

Annotations:
D:6 exclusion: oklob plant
D:7 1 transporter, Gargoyl's ghost, novice GnAK; Harold; Pikel


Innate Abilities, Weirdness & Mutations

You cannot wear most types of armour.
You are very stealthy in the water. (Stealth+)
You are amphibious.
You can wear up to eight rings at the same time.
You can use your tentacles to constrict eight enemies at once.
Your skin changes colour to match your surroundings (Stealth+).
Your rubbery body absorbs attacks. (AC +1, EV +1)
Your mind is acute. (Int +2)
Your body sometimes deteriorates upon taking damage.
You are resistant to hostile enchantments. (MR+)


Message History

Harold hits you with a +0 battleaxe!
You hit Harold but do no damage.
Harold is heavily wounded.
You constrict Harold. You hit Harold but do no damage. You squeeze Harold!
Harold is severely wounded.
You constrict Harold.
Harold considers, "I think I'll use your bounty to get a fishing boat..."
Harold hits you with a +0 battleaxe!
Okay, then.
You bump into the rock wall.
You constrict Harold. Harold hits you with a +0 battleaxe!
* * * LOW HITPOINT WARNING * * *
An orc comes into view.
It was a potion of mutation.
You feel extremely strange.
You feel resistant to hostile enchantments.
You feel yourself wasting away.
You feel clever.
You feel less confused.
You constrict Harold. Harold hits you with a +0 battleaxe!!
You die...

# . .# ... ..#
.....######.....#
......+...#.....#
......#...#.....#
K5.5. #.).+.....#
...5
#...#.....###+###.
5..
#@###.............
##
##@..#.............
#....+....S........
#....#...####.©.###
#......### ####
############o##
([$..
#............# .
#W..##
#............##.#..
.#...
#.............#...#
©..##


You could see Harold and an orc.

Vanquished Creatures
  3 necrophages (D:6)
  An ogre (D:4)
  2 centaurs (D:6)
  A bullfrog (D:3)
  2 howler monkeys (D:5)
  A centaur zombie (D:6)
  4 hounds
  A jelly (D:6)
  4 orc priests (D:3)
  A bullfrog skeleton (D:7)
  2 iguanas
  2 orc wizards (D:3)
  A centaur skeleton (D:4)
  A worker ant (D:4)
  A hound zombie (D:6)
  4 gnolls (D:6)
  A howler monkey zombie (D:5)
  7 adders
  A shadow imp (D:5)
  A white imp (D:5)
  An adder skeleton (D:5)
  4 worms
  5 dart slugs
  5 leopard geckos
  16 orcs
  7 giant cockroaches
  2 gnoll zombies (D:2)
  7 goblins
  12 hobgoblins
  7 quokkas
  A ball python (D:1)
  10 bats
  9 frilled lizards
  A jackal zombie (D:6)
  7 kobolds
  12 rats
147 creatures vanquished.

Vanquished Creatures (others)
  A bush (D:6)
  9 plants (D:6)
10 creatures vanquished.

Grand Total: 157 creatures vanquished

Notes
Turn   | Place    | Note
-------+----------+-------------------------------------------
     0 | D:1      | Lovable the Octopode Brigand began the quest for the Orb.
     0 | D:1      | Reached XP level 1. HP: 14/14 MP: 1/1
    44 | D:1      | Reached XP level 2. HP: 15/19 MP: 2/2
   496 | D:1      | Reached skill level 6 in Stealth
   501 | D:1      | Reached XP level 3. HP: 24/24 MP: 3/3
  1032 | D:2      | Found a basalt altar of Yredelemnul.
  1304 | D:2      | Found Zin's Purification Station.
  1306 | D:2      | Found a glowing silver altar of Zin.
  1422 | D:2      | Found a stormy altar of Qazlal.
  1643 | D:2      | Reached XP level 4. HP: 28/29 MP: 4/4
  2260 | D:3      | Reached XP level 5. HP: 10/35 MP: 5/5
  2669 | D:3      | Found a hide-covered altar of Uskayaw.
  2710 | D:3      | Reached skill level 7 in Stealth
  3662 | D:3      | Reached XP level 6. HP: 28/41 MP: 6/6
  4057 | D:3      | Found a burning altar of Makhleb.
  4087 | D:3      | Became a worshipper of Makhleb the Destroyer
  5082 | D:4      | Reached XP level 7. HP: 43/46 MP: 7/7
  5496 | D:4      | Reached skill level 8 in Stealth
  5751 | D:5      | Entered Level 5 of the Dungeon
  6141 | D:5      | Reached * piety under Makhleb
  6334 | D:5      | Found a staircase to the Ecumenical Temple.
  6349 | Temple   | Entered the Ecumenical Temple
  6601 | D:6      | Found an iron altar of Okawaru.
  6699 | D:6      | Reached skill level 5 in Throwing
  6700 | D:6      | Found an ancient bone altar of Kikubaaqudgha.
  6743 | D:6      | Reached XP level 8. HP: 37/52 MP: 8/8
  6748 | D:6      | Reached skill level 9 in Stealth
  6984 | D:6      | Found a hazy altar of Hepliaklqana.
  7187 | D:6      | Found a blossoming altar of Fedhas.
  7556 | D:6      | Noticed an oklob plant
  8013 | D:6      | Reached skill level 5 in Short Blades
  8108 | D:7      | Found a radiant altar of Vehumet.
  8164 | D:7      | Found a shattered altar of Ashenzari.
  8181 | D:7      | Reached skill level 10 in Stealth
  8626 | D:7      | Noticed Pikel
  8647 | D:7      | Found a transporter.
  8650 | D:7      | Noticed Gargoyl's ghost (novice GnAK)
  8664 | D:7      | Found a sparkling altar of Nemelex Xobeh.
  8674 | D:7      | Noticed Harold
  8710 | D:7      | Gained mutation: You are resistant to hostile enchantments.
                  | (MR+) [potion of mutation]
  8710 | D:7      | Gained mutation: Your body sometimes deteriorates upon
                  | taking damage. [potion of mutation]
  8710 | D:7      | Gained mutation: Your mind is acute. (Int +2) [potion of
                  | mutation]
  8710 | D:7      | Demolished by Harold

Illustrated notes

Levels and vault maps discovered:
D:1:      scummos_arrival_star, layout_basic
D:2:      layout_loops_corners, zin_purify, lemuel_zombie_altar_yredelemnul,
          grunt_qazlal_clouds
D:3:      layout_basic, bloody_makhleb, lemuel_doored_altar, minmay_circle_x
D:4:      layout_rooms
D:5:      layout_loops_ring, minmay_temple_entry_offerings
D:6:      lemuel_slime, layout_basic, marbit_many_paths,
          nicolae_overflow_hidden_temple, kiku_gazebo_pond_becter,
          fedhas_altar_decomposition, corexii_item_surrounded_by_moat
D:7:      layout_gridville, cheibrodos_ashenzari_chains, old_standard_altar,
          basic_altar, gammafunk_ghost_stat_death,
          nicolae_ossuary_entry_false_entrances, minivault_19, uniq_pikel,
          uniq_harold
Temple:   minmay_freezing_vapour_temple

Skill      XL: |  1  2  3  4  5  6  7  8 |
---------------+-------------------------+-----
Stealth        | 6 7 8 10 | 10.0
Throwing       | 3 4 5 |  5.7
Short Blades   | 3 4 5 |  5.1
Dodging        | 2 |  2.9
Fighting       | 3 |  3.8

Action                   |  1- 3 |  4- 6 |  7- 9 || total
-------------------------+-------+-------+-------++-------
Melee: Dagger            |    56 |   114 |   138 ||   308
       Constrict         |    16 |    25 |    29 ||    70
       Tentacles         |    10 |    14 |    39 ||    63
Throw: Dart              |    65 |    42 |    41 ||   148
  Use: Scroll            |     5 |     4 |     5 ||    14
       Potion            |     3 |     8 |     7 ||    18
 Stab: Sleeping          |     8 |     8 |    18 ||    34
Armor: Skin              |     9 |     4 |     7 ||    20
Dodge: Dodged            |    36 |    60 |    71 ||   167

Table legend: (Time is in decaauts)
 A = Elapsed time spent in this place.
 B = Non-inter-level travel time spent in this place.
 C = Inter-level travel time spent in this place.
 D = Time resting spent in this place.
 E = Time spent auto-exploring this place.
 F = Levels seen in this place.
 G = Mean time per level.
                   A        B        C        D        E       F      G
               +--------+--------+--------+--------+--------+-----+--------+
         Total |   8648 |   8461 |    187 |   2933 |   3188 |   8 | 1081.0 |
       Dungeon |   8599 |   8412 |    187 |   2933 |   3178 |   7 | 1228.4 |
        Temple |     48 |     48 |      0 |      0 |     10 |   1 |   48.0 |
               +--------+--------+--------+--------+--------+-----+--------+

Top non-repeatable levels by time:
     D:3: 2269 daAuts
     D:2: 1638 daAuts
     D:6: 1501 daAuts
     D:1: 916 daAuts
     D:4: 899 daAuts
     D:5: 751 daAuts
     D:7: 622 daAuts
  Temple: 48 daAuts
